 Dungeon Crawl Stone Soup version 0.18.0-1-g0107ab7 (webtiles) character file.

154 Chiseanne the Magician (level 5, 33/35 HPs)
             Began as a Demonspawn Wizard on May 5, 2016.
             Quit the game on level 4 of the Dungeon.
             The game lasted 00:07:33 (4702 turns).

Chiseanne the Magician (Demonspawn Wizard)          Turns: 4702, Time: 00:07:34

Health: 33/35      AC:  5    Str:  7    XL:     5   Next: 13%
Magic:  2/11       EV: 14    Int: 20    God:
Gold:   160        SH:  0    Dex: 12    Spells: 5 memorised, 1 level left

rFire  + . .     SeeInvis .     w - +2 dagger (drain)
rCold  . . .     Gourm    .     a - +0 robe
rNeg   . . .     Faith    .     (no shield)
rPois  .         Spirit   .     (helmet restricted)
rElec  .         Dismiss  .     q - +0 cloak
rCorr  .         Reflect  .     s - +0 pair of gloves
SustAt .         Harm     .     e - +0 pair of boots
MR     +....                    (no amulet)
Stlth  ++........               (no ring)
                                p - ring of protection from magic

@: very slightly contaminated, repel missiles, somewhat resistant to hostile
enchantments, unstealthy
A: antennae 1, repulsion field 1, fire resistance 1
a: no special abilities


You were on level 4 of the Dungeon.
You were hungry.

You visited 1 branch of the dungeon, and saw 4 of its levels.

You collected 160 gold pieces.

Inventory:

Hand Weapons
 w - a +2 dagger of draining (weapon)
 x - a +0 hunting sling
Missiles
 g - 32 arrows
 j - 27 sling bullets
 k - 96 stones (quivered)
 n - 6 poisoned needles
 r - 6 tomahawks
Armour
 a - a +0 robe (worn)
 e - a +0 pair of boots (worn)
 q - a +0 cloak (worn)
 s - a +0 pair of gloves (worn)
 y - a +0 helmet
Jewellery
 p - a ring of protection from magic (left hand)
Scrolls
 o - 3 scrolls of recharging
 v - 6 scrolls of remove curse
Potions
 b - a potion of curing {unknown}
 f - 3 potions of lignification
 h - a potion of flight
 m - 2 potions of ambrosia
 u - a potion of brilliance {unknown}
Books
 c - a book of Minor Magic

   Spells                             Type                      Level
   a - Magic Dart                     Conjuration                  1
   b - Blink                          Translocation                2
   c - Call Imp                       Summoning                    2
   d - Repel Missiles                 Charms/Air                   2
   e - Slow                           Hexes                        2
   f - Conjure Flame                  Conjuration/Fire             3
   g - Mephitic Cloud                 Conjuration/Poison/Air       3
Comestibles
 d - 4 bread rations
 i - a royal jelly
 l - 2 slices of pizza
 t - 3 fruits
 z - 8 chunks of flesh


   Skills:
 - Level 1.7 Dodging
 - Level 1.7 Stealth
 * Level 4.4 Spellcasting
 * Level 3.5 Conjurations
   Level 1.0 Summonings
 - Level 0.8 Translocations


You had one spell level left.
You knew the following spells:

 Your Spells              Type           Power        Failure   Level  Hunger
a - Magic Dart            Conj           ###.         2%          1    None
b - Blink                 Tloc           N/A          17%         2    #......
c - Repel Missiles        Chrm/Air       #.....       21%         2    #......
d - Mephitic Cloud        Conj/Pois/Air  #.......     24%         3    ###....
e - Conjure Flame         Conj/Fire      ##......     21%         3    ###....


Dungeon Overview and Level Annotations

Branches:
Dungeon (4/15)
 Temple: D:4-7

Altars:
Dithmenos

Shops:
D:4 :

Annotations:
D:4 Grinder


Innate Abilities, Weirdness & Mutations

You have a pair of small antennae on your head.
You are surrounded by a mild repulsion field (EV +2).
Your flesh is heat resistant.


Message History

You destroy the worker ant zombie!
You hit the iguana. You drain the iguana!
The iguana is severely wounded.
The iguana closely misses you.
You hit the iguana.
The iguana is almost dead.
The iguana bites you.
You closely miss the iguana.
The iguana is almost dead.
The iguana completely misses you.
You hit the iguana but do no damage. You drain the iguana!
You kill the iguana!
You have reached level 5!
Your demonic ancestry asserts itself...
A pair of antennae grows on your head!
Your +0 helmet falls away!
You see here an iguana corpse.
You butcher the iguana corpse.
z - 8 chunks of flesh (gained 3) Are you sure you want to abandon this character and quit the game? (Confirm with "yes".)

#.............
#.............#
#.............+
#.............##########
#......................#
#...>..................#
#......................#
#......................#
######.@...............#
#.................#
#.................#
#.................#
########..................
..........................
........########).........
........# #).........
........# #.....[....


There were no monsters in sight!

Vanquished Creatures
  An iguana (D:4)
  A worker ant zombie (D:4)
  2 adders (D:2)
  3 oozes
  3 worms
  2 dart slugs (D:1)
  A giant gecko (D:1)
  4 orcs
  2 ball pythons (D:1)
  5 giant cockroaches
  7 goblins
  13 hobgoblins
  6 kobolds
  7 bats
  2 giant newts
  7 rats
66 creatures vanquished.

Notes
Turn   | Place    | Note
--------------------------------------------------------------
     0 | D:1      | Chiseanne the Demonspawn Wizard began the quest for the Orb.
     0 | D:1      | Reached XP level 1. HP: 13/13 MP: 4/4
   455 | D:1      | Gained mutation: You are surrounded by a mild repulsion field (EV +2). [demonic ancestry]
   455 | D:1      | Reached XP level 2. HP: 19/19 MP: 3/6
  1635 | D:1      | Gained mutation: Your flesh is heat resistant. [demonic ancestry]
  1635 | D:1      | Reached XP level 3. HP: 24/24 MP: 4/8
  2060 | D:2      | Learned a level 2 spell: Blink
  2063 | D:2      | Learned a level 2 spell: Repel Missiles
  2067 | D:2      | Learned a level 3 spell: Mephitic Cloud
  2975 | D:2      | Reached XP level 4. HP: 27/30 MP: 1/9
  3264 | D:2      | Reached skill level 4 in Spellcasting
  3432 | D:3      | Learned a level 3 spell: Conjure Flame
  3682 | D:3      | Found a shadowy altar of Dithmenos.
  4268 | D:4      | Noticed Grinder
  4465 | D:4      | Found Mefam's Book Shoppe.
  4698 | D:4      | Gained mutation: You have a pair of small antennae on your head. [demonic ancestry]
  4698 | D:4      | Reached XP level 5. HP: 33/35 MP: 1/11
  4702 | D:4      | Quit the game

Skill      XL: |  1  2  3  4 |
---------------+-------------+-----
Conjurations   | 2 3 |  3.5
Spellcasting   | 4 |  4.4
Dodging        | |  1.7
Stealth        | |  1.7
Summonings     | |  1.0
Translocations | |  0.8

Action                   |  1- 3 |  4- 6 || total
-------------------------+-------+-------++-------
Melee: Unarmed           |     9 |       ||     9
       Club              |    26 |     3 ||    29
       Dagger            |       |     7 ||     7
 Cast: Magic Dart        |   113 |    65 ||   178
       Blink             |     1 |     1 ||     2
       Repel Missiles    |     1 |     1 ||     2
       Conjure Flame     |       |     1 ||     1
  Use: Scroll            |     7 |     5 ||    12
  Eat: Chunk             |     6 |     5 ||    11
Armor: Robe              |     8 |       ||     8
Dodge: Dodged            |    43 |    17 ||    60
       Deflected         |     1 |     1 ||     2
